[Event "Italian-ch Women 2022"]
[Site "Cagliari"]
[Date "2022.11.17"]
[Round "1.1"]
[White "Gabbani, Sara"]
[Black "Zimina, Olga"]
[Result "0-1"]
[ECO "B12"]
[WhiteElo "1844"]
[BlackElo "2283"]
[Annotator "TA"]
[PlyCount "76"]
[EventDate "2022.11.17"]
[EventType "tourn"]
[EventCountry "ITA"]
[SourceTitle "playchess.com"]
[Source "ChessBase"]
[SourceQuality "1"]
[TimeControl "40/6000+30:20/3000:900+30"]

1. e4 c6 2. d4 d5 3. e5 c5 4. dxc5 e6 5. a3 Bxc5 6. b4 {[%emt 0:00:07] B12: Caro-Kann: Advance Variation.} Bb6 7. Qg4 Ne7 8. Nf3 {[%emt 0:02:07] The position is equal.} Nbc6 9. Bb2 Nf5 10. Bd3 {[%emt 0:03:58] Black must now prevent Bxf5.} h5 11. Qf4 Nce7 12. O-O Bd7 13. Nc3 a6 14. Rfe1 {[%emt 0:06:45] [#]} Ng6 $146 ({Predecessor:} 14... Rc8 15. Rad1 Kf8 16. g3 Rc7 17. Ne2 Bb5 18. Ned4 Bxd3 19. cxd3 g6 20. Rc1 Kg7 {½-½ (56) Taspinar,Y (2311)-Chitlange,S (2216) Belgrade 2022}) 15. Qd2 {[%emt 0:04:25][%cal Oc3d5] aiming for Nxd5!} Ngh4 (15... Nfh4 $1 $11) 16. Nxh4 $14 Nxh4 17. a4 Rc8 18. a5 (18. Ne2 $1 $14) 18... Bd4 $11 19. Na4 Ba7 20. Nb6 (20. Nc5 $14 Bxc5 21. bxc5) 20... Rc7 $2 (20... Bxb6 $11 21. axb6 Qxb6) 21. Nxd7 $18 Qxd7 {[%emt 0:02:57] [#]} 22. Qg5 {[%emt 0:01:26] Against Ng6} (22. Ba3 $1 $16) 22... Ng6 $1 $14 23. Bxg6 (23. b5 $14 axb5 24. Ba3) 23... fxg6 $15 24. Qxg6+ Qf7 25. Qxf7+ Kxf7 26. c3 g5 {[%emt 0:15:43][%mdl 1024] Black has compensation.} 27. Rad1 Kg6 28. Rd3 Rf8 29. Re2 Rcf7 30. Rdd2 Rf4 31. g3 (31. Bc1 $11) 31... Rf3 $17 32. Kg2 g4 33. Rc2 Rc8 34. Rc1 (34. h3 $1 $15) 34... Rc4 35. h3 Re4 $36 {[%emt 0:20:08][%mdl 2112] [#] Overworked Piece. White is under pressure.} 36. Rxe4 (36. Rec2 $15) 36... Rxf2+ $19 {[%emt 0:00:09] Black is clearly winning.} 37. Kh1 dxe4 38. Ba1 e3 {[%emt 0:00:00] Black used his chance.  Weighted Error Value: White=0.53/Black=0.21 (precise)} 0-1

[Event "Italian-ch Women 2022"]
[Site "Cagliari"]
[Date "2022.11.17"]
[Round "1.2"]
[White "Martinelli, Valeria"]
[Black "Brunello, Marina"]
[Result "0-1"]
[ECO "B90"]
[WhiteElo "2008"]
[BlackElo "2337"]
[Annotator "TA"]
[PlyCount "72"]
[EventDate "2022.11.17"]
[EventType "tourn"]
[EventCountry "ITA"]
[SourceTitle "playchess.com"]
[Source "ChessBase"]
[SourceQuality "1"]
[TimeControl "40/6000+30:20/3000:900+30"]

1. e4 c5 2. Nf3 d6 3. d4 cxd4 4. Nxd4 Nf6 5. Nc3 a6 6. Be3 e5 7. Nb3 Be6 8. f3 h5 9. Qd2 Nbd7 10. Nd5 {[%emt 0:04:43] 10.Nd5 is better than 10.0-0-0. B90: Sicilian Najdorf: Unusual White 6th moves, 6 Be3 Ng4 and 6 Be3 e5.} Bxd5 11. exd5 g6 12. O-O-O {[%emt 0:06:40] White has an edge.} Bg7 13. Kb1 Qc7 14. h3 Rc8 15. c4 {[%emt 1:26:12] [#]} O-O $146 (15... b6 $11 {keeps the balance.}) ({Predecessor:} 15... b6 16. g3 Nc5 17. Be2 Nxb3 18. axb3 a5 19. g4 Kf8 20. g5 Nd7 21. Rhf1 Re8 {½-½ (63) Antipov,M (2619)-Najer,E (2654) Riga 2021}) 16. g4 $16 Kh7 17. Qf2 b6 18. Bd3 Kg8 19. Rdg1 {[%emt 0:08:03] White is more active.} (19. g5 $16 Nh7 20. Rc1) 19... e4 $1 $15 20. fxe4 Ne5 {[%emt 0:03:25][%csl LRc4,LRd3,LRg4][%mdl 64] [#] Deflection, Double Attack} 21. Be2 {[%emt 0:06:06] Strongly threatening Nd2.} Nxc4 {[%emt 0:14:13] Pair of Knights!} 22. Rc1 {[%emt 0:04:58] Black continues to play with concentration.} (22. Bd3 $15) 22... Qe7 ({Better is} 22... Nxe4 $19 23. Qe1 {[#]} Nc3+ $1 24. bxc3 Nxe3 25. Bxa6 Rce8) 23. Bxc4 (23. e5 $17 Nxe3 24. Qxe3) 23... Qxe4+ $19 24. Ka1 {[%emt 0:05:44] Nd2 is the strong threat.} Rxc4 25. gxh5 Nxh5 26. Bxb6 (26. Rxc4 $142 Qxh1+ 27. Rc1 Qxd5 28. Bxb6) 26... Rfc8 {[%emt 0:40:36] White must now prevent ...Rc2.} ({Weaker is} 26... Qxd5 27. Rxc4 Qxh1+ 28. Rc1 Qxh3 29. Bd4 $19) 27. Rhf1 Rxc1+ ({Wrong is} 27... Qxd5 $2 28. Be3 $19) 28. Rxc1 Rxc1+ $40 {[%emt 0:00:11][%mdl 128] Black wants a kill.} 29. Nxc1 Qxd5 30. Be3 Qe4 31. a3 f5 32. Ne2 (32. Qd2 {is a better defense.}) 32... Qc2 33. Nd4 Qxf2 {[%emt 0:28:01] Black is clearly winning.} 34. Bxf2 Nf4 {[%emt 0:00:04] Against Ne2} 35. h4 (35. Be3 $142 Nxh3 36. Nf3) 35... Nh3 36. Nxf5 gxf5 {[%emt 0:00:34] Weighted Error Value: White=0.68/Black=0.15 (very precise)} 0-1

[Event "Italian-ch Women 2022"]
[Site "Cagliari"]
[Date "2022.11.17"]
[Round "1.3"]
[White "Raccanello, Marianna"]
[Black "Cassi, Elisa"]
[Result "0-1"]
[ECO "D02"]
[WhiteElo "2062"]
[BlackElo "1995"]
[Annotator "TA"]
[PlyCount "50"]
[EventDate "2022.11.17"]
[EventType "tourn"]
[EventCountry "ITA"]
[SourceTitle "playchess.com"]
[Source "ChessBase"]
[SourceQuality "1"]
[TimeControl "40/6000+30:20/3000:900+30"]

1. d4 d5 2. Bf4 Nf6 3. e3 e6 4. c3 c5 5. Nd2 Bd6 6. Bg3 Qc7 7. Bd3 O-O 8. Ngf3 Nbd7 9. Qe2 {[%emt 0:02:42] D02: 1 d4 d5 2 Nf3 sidelines, including 2...Nf6 3 g3 and 2...Nf6 3 Bf4.} Re8 10. e4 {[%emt 0:14:22] Hoping for e5.} e5 {[%emt 0:11:35][%cal Be6e5,Be5e4][%mdl 32] [#]} 11. dxc5 $146 {[%emt 0:09:53] Black is slightly better.} ({Predecessor:} 11. O-O exd4 12. cxd4 Bxg3 13. hxg3 dxe4 14. Nxe4 Nxe4 15. Bxe4 Nf6 16. Nd2 Bf5 17. f3 cxd4 {0-1 (53) Curwin,N (1499)-Ratsma,R (2226) Chennai 2022}) 11... Nxc5 12. Bb5 (12. O-O $142) 12... Bd7 13. Bxd7 Qxd7 (13... Ncxd7 $6 14. O-O $11) 14. exd5 e4 $1 (14... Nxd5 15. O-O $15) 15. Nd4 Nd3+ (15... Nxd5 16. O-O $15) 16. Kf1 Nxd5 {[%emt 0:06:12] Black is much more active. The white rooks are badly placed.} ({Black should try} 16... Bxg3 $17 17. hxg3 Qxd5) 17. Nxe4 $11 f5 (17... Nxb2 $11 18. Bxd6 Na4) 18. Nxf5 $2 {[%emt 0:20:57] This costs White the game.} ({Of course not} 18. Bxd6 fxe4 19. Bg3 N5f4 $11) (18. Qxd3 $14 {keeps the upper hand.} fxe4 19. Qb5 (19. Qc4 Qf7 $11) 19... Qxb5+ 20. Nxb5 Bxg3 21. hxg3) 18... Qxf5 $19 {[%emt 0:10:20] Really sharp!} 19. Qxd3 (19. Nxd6 Rxe2 20. Nxf5) 19... Rxe4 ({Weaker is} 19... Bxg3 20. Nf6+ Qxf6 21. Qxd5+ Re6 22. hxg3 $16) 20. Qb1 {[%emt 0:06:43] [#] Against Re1+} Bxg3 (20... Rf8 $142 $1 21. f3 Ne3+ 22. Kg1 {[#]} Bc5 $1 23. Qxe4 Qxe4 24. fxe4 Ng4+ 25. Bf2 Rxf2 26. b4 Bb6 27. Rd1 Rxa2+ 28. Kf1 Ne3+ 29. Ke1 Nxg2+ 30. Kf1 Rf2+ 31. Kg1 Nf4 32. Rd8+ Kf7 33. Rd7+ Ke8 34. Re7+ Kxe7 35. h4 Ne2#) 21. hxg3 Ne3+ 22. Kg1 {[%emt 0:00:07] [#]} Nc2 23. g4 (23. Qxc2 Re1+) 23... Rxg4 {[%emt 0:00:41] White must now prevent ...Rf8.} 24. f3 Rg5 {[%emt 0:00:59] ( -> ...Qc5+)} ({And not} 24... Qxf3 25. Qxc2 Qe3+ 26. Qf2 Qxf2+ 27. Kxf2 $17) 25. g4 Qg6 {[%emt 0:01:06] Weighted Error Value: White=1.99/Black=0.76} (25... Qxf3 $142 26. Rh4 Qg3+ 27. Kf1 Rf8+ 28. Ke2 Rf2+ 29. Kd1 Qg1#) 0-1

[Event "Italian-ch Women 2022"]
[Site "Cagliari"]
[Date "2022.11.17"]
[Round "1.4"]
[White "Sedina, Elena"]
[Black "Maione, Melissa"]
[Result "0-1"]
[ECO "B30"]
[WhiteElo "2197"]
[BlackElo "1928"]
[Annotator "TA"]
[PlyCount "53"]
[EventDate "2022.11.17"]
[EventType "tourn"]
[EventCountry "ITA"]
[SourceTitle "playchess.com"]
[Source "ChessBase"]
[SourceQuality "1"]
[TimeControl "40/6000+30:20/3000:900+30"]

1. e4 c5 2. Nf3 Nc6 3. Bb5 g5 4. Nxg5 Nf6 5. Bxc6 dxc6 6. d3 {[%emt 0:00:00] B30: Sicilian: 2...Nc6 3 Bb5, lines without ...g6.} Rg8 7. e5 h6 {[%emt 0:01:58] [#]} 8. Nf3 $146 {[%emt 0:00:00] White is slightly better.} ({Predecessor:} 8. exf6 hxg5 9. O-O exf6 10. Re1+ Be6 11. Nc3 Be7 12. Be3 Qc7 13. Ne4 b6 14. Qd2 {1-0 (61) Dolzhikova,K (2238)-Malakhova,E (2337) Zhitomir 2017}) 8... Nd5 9. Kf1 ({White should play} 9. O-O $14) 9... Be6 10. h3 Qd7 11. Nc3 ({Better is} 11. Nbd2 $14) 11... O-O-O (11... Nxc3 $11 12. bxc3 O-O-O) 12. Ne4 $1 $14 b6 13. Bd2 Nb4 (13... c4 $11) 14. Ng3 (14. a3 $16 Nd5 15. Qc1) 14... Bg7 15. a3 $1 Nd5 16. Qc1 Qc7 (16... f5 $16) 17. c4 $18 ({Weaker is} 17. Bxh6 Bxe5 18. Nxe5 Qxe5 $11) 17... Bxe5 18. cxd5 Bxd5 19. Nxe5 Qxe5 20. Qe1 (20. Bc3 $18 Qd6 21. Qe3) 20... Qxb2 $16 21. Kg1 h5 22. Bf4 $2 {[%emt 0:00:44] [#]} (22. h4 $16 {and life is bright.}) 22... e6 $2 (22... h4 $1 $17 23. Qxe7 Rd7) 23. h4 {[%emt 0:00:34] Hoping for Be5.} f6 {[%emt 0:03:19] Prevents Be5.} 24. Ne4 (24. Rh2 $16) 24... Rg4 $11 {[%emt 0:04:04] The board is on fire.} 25. Bg3 {[%emt 0:00:30] [#]} (25. Rb1 $11 {keeps the balance.} Qc2 26. Bg3 (26. g3 $2 Qxd3 27. Nd6+ Kd7 $19) 26... Bxe4 27. dxe4) 25... Bxe4 {[%emt 0:04:13] Black has more active pieces. The white rooks are badly placed.} ({But not} 25... Qd4 $6 26. Kh2 $11) (25... f5 $1 $17 26. Qc3 Qxc3 27. Nxc3 f4 28. Nxd5 Rxd5) 26. dxe4 {[%emt 0:00:25] With the idea Kh2.} Rd2 27. Kh2 {[%emt 0:00:00][%mdl 32768] White really could win this.  Weighted Error Value: White=0.46/Black=0.38. Sensor Board Error (Ke4/e5)?} 0-1

[Event "Italian-ch Women 2022"]
[Site "Cagliari"]
[Date "2022.11.18"]
[Round "2.1"]
[White "Zimina, Olga"]
[Black "Maione, Melissa"]
[Result "1-0"]
[ECO "B07"]
[WhiteElo "2283"]
[BlackElo "1928"]
[Annotator "TA"]
[PlyCount "93"]
[EventDate "2022.11.17"]
[EventType "tourn"]
[EventCountry "ITA"]
[SourceTitle "playchess.com"]
[Source "ChessBase"]
[SourceQuality "1"]
[TimeControl "40/6000+30:20/3000:900+30"]

1. d4 Nf6 2. Nf3 g6 3. Nbd2 Bg7 4. e4 d6 5. Bd3 O-O 6. O-O Nbd7 {[%emt 0:01:01] B07: Pirc Defence: Miscellaneous Systems.} 7. Re1 e5 8. dxe5 dxe5 {[%emt 0:00:44] White has an edge.} 9. Bc4 Qe7 {[%emt 0:05:14] [#]} 10. a4 $146 ({Predecessor:} 10. Nf1 Nb6 11. Bd3 Be6 12. Nxe5 Qc5 13. Nf3 Rad8 14. Qe2 Rfe8 15. Be3 Qe7 16. Ng3 {1-0 (44) Rodrigues,N (1919)-Da Silveira,R (1802) Sao Paulo 2019}) 10... Nb6 11. Bf1 a5 12. b3 Rd8 13. Ba3 Qe8 14. Qe2 Bd7 15. Bb2 Nh5 16. g3 $1 {[%emt 0:00:06] Against Nf4} Bf6 17. Nc4 Nxc4 18. Qxc4 Bg4 19. Qc3 Bxf3 20. Qxf3 Qc6 21. Qc3 Qb6 22. Rad1 Ng7 23. Qf3 h5 (23... Ne8 $16) 24. Bc4 $18 Rd6 (24... Rac8 {keeps fighting.} 25. h4 Rd6) 25. Ba3 {[%emt 0:58:44] This bishop pair is nice.} Rdd8 {[%emt 0:02:16] [#]} 26. Bc5 $1 Qc6 27. Rxd8+ Rxd8 {[%emt 0:00:08] [#]} 28. Be7 Bxe7 29. Qxf7+ Kh7 {[%emt 0:01:04] Threatens to win with ...Bc5.} 30. Qxe7 Re8 31. Qf7 Qc5 32. Qf6 (32. Rd1 $142) 32... Qe7 33. Qxe7 Rxe7 {[%emt 0:00:05][%mdl 4096] Endgame KRB-KRN} 34. Rd1 Ne8 35. Rd8 Nf6 36. f3 g5 37. Kf2 Kg7 38. Ke3 b6 39. c3 g4 40. b4 ({White should play} 40. Rc8 $18) 40... gxf3 $16 41. Kxf3 {[%emt 0:49:34] And now bxa5 would win.} Nd7 $2 (41... Re8 $16 {is tougher.} 42. Rxe8 Nxe8) 42. Ra8 $18 {[%emt 0:09:09] White is clearly winning.} axb4 43. cxb4 c5 44. b5 Nf6 45. a5 bxa5 46. b6 Kg6 47. Ra7 {[%emt 0:01:28] Prevents Rb7.  Weighted Error Value: White=0.13 (very precise) /Black=0.37} 1-0

[Event "Italian-ch Women 2022"]
[Site "Cagliari"]
[Date "2022.11.18"]
[Round "2.2"]
[White "Cassi, Elisa"]
[Black "Sedina, Elena"]
[Result "1/2-1/2"]
[ECO "C09"]
[WhiteElo "1995"]
[BlackElo "2197"]
[Annotator "TA"]
[PlyCount "136"]
[EventDate "2022.11.17"]
[EventType "tourn"]
[EventCountry "ITA"]
[SourceTitle "playchess.com"]
[Source "ChessBase"]
[SourceQuality "1"]
[TimeControl "40/6000+30:20/3000:900+30"]

1. e4 e6 2. d4 d5 3. Nd2 c5 4. exd5 exd5 5. Ngf3 Nc6 6. Bb5 Qe7+ $1 {[%emt 0:01:11][%mdl 4] is more profitable than 6...Bd6 at the moment.} 7. Be2 Qc7 {[%emt 0:00:23] C09: French Tarrasch: 3...c5 4 exd5 exd5 5 Ngf3 Nc6.} 8. O-O Nf6 9. Re1 Be6 {[%emt 0:03:22] White is slightly better.} 10. Bf1 h6 11. dxc5 Bxc5 12. Nb3 Bb6 13. Be3 O-O {[%emt 0:02:53] [#]} 14. Bxb6 $146 ({Predecessor:} 14. c3 Ne4 15. Nfd4 Rae8 16. f3 Nf6 17. Kh1 Bc8 18. Qd2 Ne5 19. Bf4 Nh5 20. Bb5 Re7 21. Rad1 a6 22. Bf1 Rfe8 23. Bxe5 Rxe5 24. Rxe5 Qxe5 25. Nc2 Ng3+ {0-1 (25) Zatonskih,A (2447)-Kashlinskaya,A (2459) Amsterdam 2018}) 14... Qxb6 15. Nfd4 Ne4 16. f3 Nd6 17. Kh1 Rfe8 18. a4 Nc4 19. Bxc4 dxc4 20. a5 $1 Qd8 21. Nxe6 (21. Nxc6 $11 Qxd1 22. Rexd1) 21... Qxd1 $17 22. Rexd1 {[%emt 0:00:12] [#] Black must now prevent Nc7.} Rxe6 (22... cxb3 $17 23. Nc7 bxc2) 23. Nc5 (23. Nd4 $5 Nxd4 24. Rxd4 $11) 23... Re2 24. Nxb7 Rxc2 25. Rac1 (25. Rdc1 $5 Rxb2 26. Rxc4 $15 (26. Nd6 c3 $15)) 25... Rxb2 26. Rxc4 Rxb7 (26... Ne5 $15 27. Rc7 Rb8) 27. Rxc6 $15 {[%emt 0:00:08][%mdl 4096] Endgame KRR-KRR} Rab8 28. h4 Rb4 29. Rd7 Rxh4+ 30. Kg1 Ra4 31. Rxa7 Rb2 32. Rb6 {[%emt 0:11:10] [#]} Rxa5 $1 {[%emt 0:00:48] Threatens to win with ...Rxg2+.} 33. Rxa5 (33. Rxb2 Rxa7) 33... Rxb6 $11 {[%emt 0:00:01] KR-KR} 34. Kf2 Rb2+ 35. Kg3 g5 36. Kh3 {[%emt 0:02:37] The position is equal.} Kg7 37. g4 Kg6 38. Kg3 Rb3 39. Rc5 Rb6 40. Ra5 Rd6 41. Rb5 Ra6 42. Rc5 f6 43. Rb5 h5 44. gxh5+ Kxh5 45. f4 Ra3+ 46. Kg2 Kh4 47. fxg5 Rg3+ 48. Kf2 {[%emt 0:00:00] Strongly threatening Rb4+.} Rxg5 (48... fxg5 $5 49. Rb8 Kh3 $11) 49. Rb1 Rg4 50. Kf3 Kg5 51. Rb5+ f5 52. Rb8 Rf4+ 53. Kg3 {[%emt 0:00:00] White threatens Rg8+ and mate.} Rg4+ 54. Kf3 Rf4+ 55. Kg3 $1 {[%emt 0:00:00] White wants to mate with Rg8+.} Re4 56. Kf3 Re6 57. Rg8+ Kf6 58. Kf4 Re4+ 59. Kf3 Rd4 60. Rf8+ Ke6 61. Re8+ Kf7 62. Ra8 Kf6 63. Rf8+ Kg6 64. Rg8+ Kf7 65. Ra8 Ke7 66. Ra6 Re4 67. Rb6 Re6 68. Rxe6+ Kxe6 {[%emt 0:00:00] Weighted Error Value: White=0.08 (flawless) /Black=0.09 (flawless)} 1/2-1/2

[Event "Italian-ch Women 2022"]
[Site "Cagliari"]
[Date "2022.11.18"]
[Round "2.3"]
[White "Brunello, Marina"]
[Black "Raccanello, Marianna"]
[Result "1/2-1/2"]
[ECO "A04"]
[WhiteElo "2337"]
[BlackElo "2062"]
[Annotator "TA"]
[PlyCount "80"]
[EventDate "2022.11.17"]
[EventType "tourn"]
[EventCountry "ITA"]
[SourceTitle "playchess.com"]
[Source "ChessBase"]
[SourceQuality "1"]
[TimeControl "40/6000+30:20/3000:900+30"]

1. e4 c5 2. Nf3 e6 3. d3 Nc6 4. g3 g6 5. Bg2 Bg7 6. O-O Nge7 7. Na3 d6 8. c3 e5 9. Nc4 O-O 10. Rb1 {[%emt 0:00:26] [#] A04: Unusual lines after 1 Nf3 and King's Indian Attack.} b5 $146 ({Predecessor:} 10... h6 11. b4 cxb4 12. cxb4 b5 13. Ne3 Be6 14. a3 d5 15. exd5 Nxd5 16. Nxd5 Bxd5 17. Be3 Nd4 18. Nxd4 exd4 {1-0 (46) Harika,D (2494)-Javakhishvili,L (2464) St Petersburg 2018}) 11. Ne3 a5 12. a4 {[%emt 0:03:22] The position is equal.} b4 13. Re1 h6 14. Nd2 Rb8 15. Ra1 Be6 16. Nd5 f5 17. Nc4 Kh7 18. Bd2 Bg8 19. f4 Nxd5 20. exd5 Ne7 21. fxe5 dxe5 22. d6 Nd5 23. Rc1 (23. Qe2 $11) 23... Re8 $17 24. Qe2 Nb6 25. Nxa5 Qxd6 {[%emt 0:00:09] ...bxc3 is the strong threat.} 26. cxb4 cxb4 27. Nc6 Rbc8 28. Bxb4 (28. Nxb4 $15 Rxc1 29. Rxc1) 28... Qd7 {[%emt 0:00:18] Hoping for ...Nd5.} 29. Ba3 ({Wrong is} 29. a5 $2 Nd5 30. Bxd5 Bxd5 $19) 29... Nxa4 (29... e4 $1 $17 30. Nb4 Rxc1 31. Rxc1 Nxa4) 30. Nb4 {[%emt 0:01:10] [#]} (30. Qc2 $1 $11 Nb6 31. Qc5) 30... Nc5 $1 $19 31. Red1 $2 (31. Nd5 {might work better.}) 31... Nb3 (31... e4 $142 {White must now prevent ...exd3.} 32. dxe4 Bd4+ 33. Kh1 Nxe4 34. Bxe4 Rxe4) 32. Rxc8 Rxc8 33. Qf3 $2 (33. Kh1) 33... Nd4 34. Qb7 (34. Qf1 {keeps fighting.}) 34... Rc7 35. Qa8 Bb3 36. Rf1 Nb5 {[%emt 0:03:05][%cal Oe5e4] [#] And now ...e4! would win.} 37. Qf3 Nd4 $2 (37... Bf7 38. Kh1 h5) 38. Qa8 $1 Nb5 (38... e4 $142 39. dxe4 Rc8) 39. Qf3 $1 Nd4 $2 (39... Bf7 40. Kh1 h5) 40. Qa8 $1 Nb5 $2 {[%emt 0:01:08] Weighted Error Value: White=0.36/Black=0.54} (40... e4 $19 41. dxe4 Rc8) 1/2-1/2

[Event "Italian-ch Women 2022"]
[Site "Cagliari"]
[Date "2022.11.18"]
[Round "2.4"]
[White "Gabbani, Sara"]
[Black "Martinelli, Valeria"]
[Result "0-1"]
[ECO "D94"]
[WhiteElo "1844"]
[BlackElo "2008"]
[Annotator "TA"]
[PlyCount "70"]
[EventDate "2022.11.17"]
[EventType "tourn"]
[EventCountry "ITA"]
[SourceTitle "playchess.com"]
[Source "ChessBase"]
[SourceQuality "1"]
[TimeControl "40/6000+30:20/3000:900+30"]

1. d4 Nf6 2. c4 g6 3. Nf3 Bg7 4. e3 c6 5. Nc3 d5 6. h3 O-O 7. Be2 Nbd7 {[%emt 0:16:23] 7...a6 might become the main line. D94: Grünfeld: 4 Nf3 Bg7 5 e3.} 8. O-O e6 9. Qc2 b6 {[%emt 0:00:30][%cal Bb7b6,Bb6c5,Bc5d4][%mdl 32] The position is equal.} 10. e4 Nxe4 11. Nxe4 dxe4 12. Qxe4 Bb7 {[%emt 0:00:30] [#]} 13. Bf4 $146 {[%emt 0:00:30] Inhibits Rb8.} ({Predecessor:} 13. Bg5 Qc8 14. Qh4 Re8 15. Rad1 f6 16. Bh6 Qd8 17. Bxg7 Kxg7 18. Rd2 Qe7 19. Rfd1 {½-½ (25) Funk,P (2197)-Malich,B (2393) Halle 2007}) 13... Qc8 {[%emt 0:00:30] With the idea ...c5.} 14. c5 bxc5 15. Bd6 {[%emt 0:00:30] [#] White is on the road to losing.} (15. dxc5 $11 Nxc5 16. Qc2) 15... cxd4 $1 $17 {[%emt 0:00:00] Threatens to win with ...Re8.} 16. Bxf8 c5 17. Qh4 Qxf8 18. Rac1 e5 19. Bc4 (19. b4 $17 {keeps fighting.}) 19... Bxf3 $19 20. gxf3 Bh6 21. Rc2 Bf4 {[%emt 0:00:00] [#] And now ...h5 would win.} 22. Rd1 $2 (22. Qg4 {is tougher.} Nb6 23. Bd3) 22... h5 23. Kh1 Kg7 {[%emt 0:00:00] aiming for ...Kh6.} 24. Rg1 Kh6 25. Bd3 g5 26. Rxg5 Bxg5 27. Qe4 f5 28. Qc6+ Nf6 29. Rxc5 Qe8 {[%emt 0:01:27] ...e4 is the strong threat.} 30. Qa6 $2 (30. Qc7) 30... e4 31. fxe4 fxe4 32. Bb5 Qe7 33. Rc6 Qe5 34. Re6 Qf5 35. Bf1 Rb8 {[%emt 0:01:07] Weighted Error Value: White=1.07/Black=0.16 (very precise)} 0-1

[Event "Italian-ch Women 2022"]
[Site "Cagliari"]
[Date "2022.11.19"]
[Round "3.1"]
[White "Martinelli, Valeria"]
[Black "Zimina, Olga"]
[Result "0-1"]
[ECO "C55"]
[WhiteElo "2008"]
[BlackElo "2283"]
[Annotator "TA"]
[PlyCount "44"]
[EventDate "2022.11.17"]
[EventType "tourn"]
[EventCountry "ITA"]
[SourceTitle "playchess.com"]
[Source "ChessBase"]
[SourceQuality "1"]
[TimeControl "40/6000+30:20/3000:900+30"]

1. e4 e5 2. Nf3 Nc6 3. Bc4 Nf6 4. d3 h6 5. c3 d6 6. a4 {[%emt 0:00:00] C55: Two Knights: 4 d3, 4 d4 exd4 5 e5 and Max Lange Attack.} g5 7. h3 Bg7 8. b4 {[%emt 0:00:00] White is slightly better.} Ne7 {[%emt 0:07:07] [#]} 9. Bb3 $146 ({Predecessor:} 9. a5 Ng6 10. g3 c6 11. Nbd2 O-O 12. Kf1 d5 13. Bb3 g4 14. hxg4 Bxg4 15. Qc2 {1-0 (81) Florescu,C (2293)-Demin,V (2430) Chess.com INT 2020}) 9... Ng6 10. Na3 (10. O-O $11) 10... d5 $15 11. Qe2 Be6 {[%emt 0:04:13] ...dxe4 is the strong threat.} 12. exd5 (12. c4 $15 dxe4 13. dxe4) 12... Nxd5 $19 {[%emt 0:00:41] And now ...Ndf4 would win.} 13. Bxd5 Qxd5 (13... Bxd5 14. O-O $17) 14. Nb5 (14. O-O $17 {keeps fighting.}) 14... Qd7 15. O-O O-O 16. Be3 (16. d4 $142 Qc6 17. Qe3) 16... a6 17. Na3 Rad8 18. d4 {[%emt 0:00:00] [#]} e4 (18... Qxa4 19. Nxe5 Bxe5 20. dxe5 $17) 19. Nd2 (19. Ne5 {was worth a try.} Nxe5 20. dxe5) 19... f5 (19... Qxa4 20. Nxe4 b6 21. Qd3 $15) 20. f4 (20. Nc2 {was called for.}) 20... gxf4 {[%emt 0:00:24] Black is clearly winning.} ({Stronger than} 20... Qxa4 21. fxg5 f4 22. Nxe4 (22. Qh5 $2 Qe8 $19) 22... fxe3 23. Nf6+ Kh8 24. b5 $17) 21. Bxf4 (21. Bf2 $142) 21... Nxf4 ({Not} 21... Qxa4 22. Bxc7 Rc8 23. Nac4 $19) 22. Rxf4 {[%emt 0:00:00] [#]} Bxd4+ $1 {[%emt 0:00:32][%mdl 512] Black took control after the opening.   Weighted Error Value: White=0.65/Black=0.11 (very precise)} 0-1